 Dungeon Crawl Stone Soup version 0.21.0-3-g78d12a8 (webtiles) character file.

1148 letownia2 the Ruffian (level 8, -6/51 HPs)
             Began as a Gargoyle Fighter on Jan 9, 2018.
             Was an Initiate of Gozag.
             Killed by divine providence
             ... invoked by an orc priest
              (15 damage)
             ... on level 6 of the Dungeon.
             The game lasted 00:06:47 (5151 turns).

letownia2 the Ruffian (Gargoyle Fighter)            Turns: 5151, Time: 00:06:48

Health: -6/51      AC: 15    Str: 27    XL:     8   Next: 38%
Magic:  9/9        EV: 11    Int: 10    God:    Gozag
Gold:   596        SH:  0    Dex:  9    Spells: 7/7 levels left

rFire    . . .     SeeInvis +     - Unarmed
rCold    . . .     Gourm    .   (no shield)
rNeg     + . .     Faith    .   l - +1 ring mail of Lugonu's Approval {*Drain rCorr Str+6 SInv} (curse)
rPois    ∞         Spirit   .   n - +1 helmet
rElec    +         Reflect  .   (no cloak)
rCorr    +         Harm     .   v - +0 pair of gloves
MR       .....                  (no boots)
Stlth    ..........             (no amulet)
HPRegen  0.17/turn              (no ring)
MPRegen  0.11/turn              (no ring)

@: gold aura
A: negative energy resistance 1, electricity resistance, unbreathing,
petrification resistance, rot immunity, AC +5
a: Potion Petition, Call Merchant, Bribe Branch, Renounce Religion


You were on level 6 of the Dungeon.
You worshipped Gozag.
Gozag was pleased with you.
You were full.

You visited 2 branches of the dungeon, and saw 7 of its levels.

You collected 651 gold pieces.
You paid 55 gold pieces to Gozag.

Inventory:

Hand Weapons
 m - a +0 blowgun
Armour
 a - a +0 scale mail
 b - a +0 shield
 l - the cursed +1 ring mail of Lugonu's Approval (worn) {*Drain rCorr Str+6 SInv}
   (You took it off an orc on level 4 of the Dungeon)

   It affects your strength (+6).
   It lets you see invisible.
   It protects you from acid and corrosion.
   It causes draining when unequipped.
   It has a curse placed upon it.
 n - a +1 helmet (worn)
 v - a +0 pair of gloves (worn)
Wands
 j - a wand of enslavement (11)
 k - a wand of clouds (4)
 o - a wand of iceblast (11)
 w - a wand of polymorph (10)
 z - a wand of digging (10)
Scrolls
 e - 2 scrolls of teleportation {unknown}
 f - a scroll of amnesia {unknown}
 g - 2 scrolls of fog {unknown}
 h - 2 scrolls of enchant armour {unknown}
 q - 3 scrolls of magic mapping {unknown}
 r - 2 scrolls of enchant weapon {unknown}
 s - 4 scrolls of identify {unknown}
 u - a scroll of fear {unknown}
 x - a scroll of acquirement {unknown}
 y - a scroll of remove curse {unknown}
Potions
 c - a potion of might
 i - a potion of brilliance {unknown}
 p - a potion of invisibility {unknown}
 t - 2 potions of ambrosia {unknown}
Comestibles
 d - 3 rations


   Skills:
 + Level 6.0 Fighting
 - Level 3.2 Armour
 - Level 1.7 Dodging
 - Level 3.2 Shields
 + Level 7.9 Unarmed Combat
 + Level 2.1 Evocations


You had 7 spell levels left.
You didn't know any spells.

Dungeon Overview and Level Annotations

Branches:
Dungeon (6/15)             Temple (1/1) D:4

Altars:
Ashenzari
Elyvilon
Gozag
Kikubaaqudgha
Nemelex Xobeh
Ru
Vehumet
Zin

Shops:
D:4 (


Innate Abilities, Weirdness & Mutations

You are resistant to torment.
Your stone body is resilient. (AC +5)
You are immune to poison.
You resist negative energy. (rN+)
You are resistant to electric shocks. (rElec)
You can survive without breathing.
You are immune to petrification.
You are immune to rotting.


Message History

Beogh smites you!
The orc priest casts a cantrip, but nothing happens.
The orc completely misses you. The orc hits you with a flail.
Unknown command.
You punch the orc priest!
The orc priest is almost dead.
The orc priest calls down the wrath of Beogh upon you.
Beogh smites you!
* * * LOW HITPOINT WARNING * * *
A howler monkey comes into view.
Unknown command.
You hit the orc priest.
You kill the orc priest!
Your Fighting skill increases to level 6!
The howler monkey hoots and howls with incredible vigour!
The orc hits you but does no damage. The orc barely misses you.
The orc priest calls down the wrath of Beogh upon you.
Beogh smites you!
You die...
Your body crumbles into a pile of gold.

..# #..
#h# #.#
####.###.#
#........#
#........#
#.....o..#
#......o.#
#......o$#
#.......@#
#.......<#
##########


You could see a howler monkey, an orc priest and 2 orcs.

Vanquished Creatures
  A water moccasin (D:5)
  An orc warrior (D:5)
  A sky beast (D:6)
  An ogre (D:4)
  2 scorpions
  2 howler monkeys (D:4)
  2 bullfrog skeletons
  4 orc priests
  A hound (D:4)
  4 orc wizards
  2 worker ants (D:4)
  A worker ant zombie (D:3)
  3 gnolls (D:3)
  9 adders
  An ooze (D:3)
  A worm (D:5)
  A dart slug (D:1)
  A leopard gecko (D:3)
  19 orcs
  3 ball pythons
  2 giant cockroaches
  10 goblins
  8 hobgoblins
  6 jackals
  2 quokkas
  4 bats
  4 frilled lizards
  A jackal skeleton (D:4)
  3 kobolds
  6 rats
106 creatures vanquished.

Vanquished Creatures (others)
  A human (D:3)
1 creature vanquished.

Grand Total: 107 creatures vanquished

Notes
Turn   | Place    | Note
-------+----------+-------------------------------------------
     0 | D:1      | letownia2 the Gargoyle Fighter began the quest for the Orb.
     0 | D:1      | Reached XP level 1. HP: 14/14 MP: 1/1
   155 | D:3      | Reached XP level 2. HP: 19/19 MP: 2/2
   234 | D:3      | Reached skill level 3 in Unarmed Combat
   257 | D:3      | Reached XP level 3. HP: 23/23 MP: 3/3
   283 | D:4      | Found Kitras's Weapon Emporium.
   335 | D:4      | Noticed an ogre
   417 | D:3      | Found an ancient bone altar of Kikubaaqudgha.
   448 | D:3      | Reached skill level 4 in Unarmed Combat
   448 | D:3      | Reached XP level 4. HP: 3/28 MP: 4/4
   812 | D:3      | Found an ancient bone altar of Kikubaaqudgha.
   813 | D:3      | Noticed a human
   822 | D:3      | Killed a human
   893 | D:4      | Reached skill level 5 in Unarmed Combat
   893 | D:4      | Reached XP level 5. HP: 27/32 MP: 5/5
  1297 | D:4      | Reached skill level 6 in Unarmed Combat
  1297 | D:4      | Reached XP level 6. HP: 11/37 MP: 6/6
  1698 | D:4      | Got a polished ring mail
  1723 | D:4      | Reached skill level 7 in Unarmed Combat
  1761 | D:4      | Identified the cursed +1 ring mail of Lugonu's Approval {*Drain rCorr Str+6 SInv} (You took it off an orc on level 4 of the Dungeon)
  1931 | D:4      | Reached XP level 7. HP: 41/41 MP: 7/7
  2131 | D:4      | Reached skill level 1 in Dodging
  2282 | D:4      | Found a staircase to the Ecumenical Temple.
  2293 | Temple   | Entered the Ecumenical Temple
  2358 | Temple   | Became a worshipper of Gozag Ym Sagoz the Greedy
  4411 | D:5      | Entered Level 5 of the Dungeon
  4622 | D:5      | Found a sacrificial altar of Ru.
  4644 | D:5      | Reached skill level 5 in Fighting
  5030 | D:5      | Reached skill level 1 in Evocations
  5030 | D:5      | Reached XP level 8. HP: 36/50 MP: 8/8
  5151 | D:6      | Killed from afar by an orc priest

Skill      XL: |  1  2  3  4  5  6  7  8 |
---------------+-------------------------+-----
Unarmed Combat | 3 4 5 6 7 |  7.9
Dodging        | 1 |  1.7
Fighting       | 5 6 |  6.0
Evocations     | 1 2 |  2.1
Armour         | |  3.2
Shields        | |  3.2

Action                   |  1- 3 |  4- 6 |  7- 9 || total
-------------------------+-------+-------+-------++-------
Melee: Unarmed           |    84 |   135 |   256 ||   475
       Punch             |     1 |     3 |    11 ||    15
Evoke: Wand              |       |     1 |       ||     1
  Eat: Chunk             |       |     3 |     2 ||     5
       Ration            |       |       |     4 ||     4
Armor: Scale mail        |    45 |    51 |       ||    96
       Ring mail         |       |     5 |   125 ||   130
Dodge: Dodged            |    25 |    42 |   144 ||   211
Block: Shield            |     9 |       |       ||     9
